Workbook

Sheet 内訳
A1: 内訳（工事名： ）
A3: 元の契約
A4: No | B4: 工種・項目 | C4: 数量 | D4: 単位 | E4: 単価 | F4: 契約金額 | G4: 前回までの累計％ | H4: 前回までの金額 | I4: 今回までの累計％ | J4: 今回までの金額 | K4: 今回の請求額 | L4: 残り
A5: 1 | F5: =IF(N(C5)*N(E5)=0,"",C5*E5) | H5: =IF(F5="","",ROUNDDOWN(F5*N(G5),0)) | J5: =IF(F5="","",ROUNDDOWN(F5*N(I5),0)) | K5: =IF(F5="","",J5-H5) | L5: =IF(F5="","",F5-J5)
A6: 2 | F6: =IF(N(C6)*N(E6)=0,"",C6*E6) | H6: =IF(F6="","",ROUNDDOWN(F6*N(G6),0)) | J6: =IF(F6="","",ROUNDDOWN(F6*N(I6),0)) | K6: =IF(F6="","",J6-H6) | L6: =IF(F6="","",F6-J6)
A7: 3 | F7: =IF(N(C7)*N(E7)=0,"",C7*E7) | H7: =IF(F7="","",ROUNDDOWN(F7*N(G7),0)) | J7: =IF(F7="","",ROUNDDOWN(F7*N(I7),0)) | K7: =IF(F7="","",J7-H7) | L7: =IF(F7="","",F7-J7)
A8: 4 | F8: =IF(N(C8)*N(E8)=0,"",C8*E8) | H8: =IF(F8="","",ROUNDDOWN(F8*N(G8),0)) | J8: =IF(F8="","",ROUNDDOWN(F8*N(I8),0)) | K8: =IF(F8="","",J8-H8) | L8: =IF(F8="","",F8-J8)
A9: 5 | F9: =IF(N(C9)*N(E9)=0,"",C9*E9) | H9: =IF(F9="","",ROUNDDOWN(F9*N(G9),0)) | J9: =IF(F9="","",ROUNDDOWN(F9*N(I9),0)) | K9: =IF(F9="","",J9-H9) | L9: =IF(F9="","",F9-J9)
A10: 6 | F10: =IF(N(C10)*N(E10)=0,"",C10*E10) | H10: =IF(F10="","",ROUNDDOWN(F10*N(G10),0)) | J10: =IF(F10="","",ROUNDDOWN(F10*N(I10),0)) | K10: =IF(F10="","",J10-H10) | L10: =IF(F10="","",F10-J10)
A11: 7 | F11: =IF(N(C11)*N(E11)=0,"",C11*E11) | H11: =IF(F11="","",ROUNDDOWN(F11*N(G11),0)) | J11: =IF(F11="","",ROUNDDOWN(F11*N(I11),0)) | K11: =IF(F11="","",J11-H11) | L11: =IF(F11="","",F11-J11)
A12: 8 | F12: =IF(N(C12)*N(E12)=0,"",C12*E12) | H12: =IF(F12="","",ROUNDDOWN(F12*N(G12),0)) | J12: =IF(F12="","",ROUNDDOWN(F12*N(I12),0)) | K12: =IF(F12="","",J12-H12) | L12: =IF(F12="","",F12-J12)
A13: 9 | F13: =IF(N(C13)*N(E13)=0,"",C13*E13) | H13: =IF(F13="","",ROUNDDOWN(F13*N(G13),0)) | J13: =IF(F13="","",ROUNDDOWN(F13*N(I13),0)) | K13: =IF(F13="","",J13-H13) | L13: =IF(F13="","",F13-J13)
A14: 10 | F14: =IF(N(C14)*N(E14)=0,"",C14*E14) | H14: =IF(F14="","",ROUNDDOWN(F14*N(G14),0)) | J14: =IF(F14="","",ROUNDDOWN(F14*N(I14),0)) | K14: =IF(F14="","",J14-H14) | L14: =IF(F14="","",F14-J14)
A15: 合計 | F15: =SUM(F5:F14) -> 0 | H15: =SUM(H5:H14) -> 0 | J15: =SUM(J5:J14) -> 0 | K15: =SUM(K5:K14) -> 0 | L15: =SUM(L5:L14) -> 0
A17: 追加変更工事
A18: No | B18: 工種・項目 | C18: 数量 | D18: 単位 | E18: 単価 | F18: 契約金額 | G18: 前回までの累計％ | H18: 前回までの金額 | I18: 今回までの累計％ | J18: 今回までの金額 | K18: 今回の請求額 | L18: 残り
A19: 1 | F19: =IF(N(C19)*N(E19)=0,"",C19*E19) | H19: =IF(F19="","",ROUNDDOWN(F19*N(G19),0)) | J19: =IF(F19="","",ROUNDDOWN(F19*N(I19),0)) | K19: =IF(F19="","",J19-H19) | L19: =IF(F19="","",F19-J19)
A20: 2 | F20: =IF(N(C20)*N(E20)=0,"",C20*E20) | H20: =IF(F20="","",ROUNDDOWN(F20*N(G20),0)) | J20: =IF(F20="","",ROUNDDOWN(F20*N(I20),0)) | K20: =IF(F20="","",J20-H20) | L20: =IF(F20="","",F20-J20)
A21: 3 | F21: =IF(N(C21)*N(E21)=0,"",C21*E21) | H21: =IF(F21="","",ROUNDDOWN(F21*N(G21),0)) | J21: =IF(F21="","",ROUNDDOWN(F21*N(I21),0)) | K21: =IF(F21="","",J21-H21) | L21: =IF(F21="","",F21-J21)
A22: 4 | F22: =IF(N(C22)*N(E22)=0,"",C22*E22) | H22: =IF(F22="","",ROUNDDOWN(F22*N(G22),0)) | J22: =IF(F22="","",ROUNDDOWN(F22*N(I22),0)) | K22: =IF(F22="","",J22-H22) | L22: =IF(F22="","",F22-J22)
A23: 5 | F23: =IF(N(C23)*N(E23)=0,"",C23*E23) | H23: =IF(F23="","",ROUNDDOWN(F23*N(G23),0)) | J23: =IF(F23="","",ROUNDDOWN(F23*N(I23),0)) | K23: =IF(F23="","",J23-H23) | L23: =IF(F23="","",F23-J23)
A24: 合計 | F24: =SUM(F19:F23) -> 0 | H24: =SUM(H19:H23) -> 0 | J24: =SUM(J19:J23) -> 0 | K24: =SUM(K19:K23) -> 0 | L24: =SUM(L19:L23) -> 0
A26: 元の契約と追加変更工事の合計 | F26: =F15+F24 -> 0 | H26: =H15+H24 -> 0 | J26: =J15+J24 -> 0 | K26: =K15+K24 -> 0 | L26: =L15+L24 -> 0

Sheet 請求書
A1: 請 求 書
D3: 請求日
D4: 請求書番号
D6: 屋号・会社名
D7: 住所
D8: 電話
D9: 登録番号
A11: 件名（工事名・現場名）
A12: 注文番号
A13: 対象期間（開始日・終了日）
A15: ご請求金額（税込） | B15: =E25 -> 0
A17: 契約金額（元の契約） | E17: =内訳!F15 -> 0
A18: 契約金額（追加変更工事） | E18: =内訳!F24 -> 0
A19: 前回までの出来高 | E19: =内訳!H26 -> 0
A20: 今回までの出来高 | E20: =内訳!J26 -> 0
A21: 今回の請求額（元の契約） | E21: =内訳!K15 -> 0
A22: 今回の請求額（追加変更工事） | E22: =内訳!K24 -> 0
A23: 今回の請求額（合計） | E23: =内訳!K26 -> 0
A24: 消費税（10％） | E24: =ROUNDDOWN(E23*0.1,0) -> 0
A25: 税込合計 | E25: =E23+E24 -> 0
A26: 保留金の割合（決まっている場合だけ）
A27: 保留金 | E27: =IF(N(E26)=0,"",ROUNDDOWN(E23*E26,0))
A28: 保留金を引いた額 | E28: =IF(N(E26)=0,"",E23-E27)
A29: 残り（契約残高） | E29: =内訳!L26 -> 0
A31: 振込先
A32: 銀行
A33: 支店
A34: 種別
A35: 番号
A36: 名義
A38: 支払期日

Sheet 記入例
A1: 記入例（〇〇ビル改修工事 内装工事）
A3: 元の契約
A4: No | B4: 工種・項目 | C4: 数量 | D4: 単位 | E4: 単価 | F4: 契約金額 | G4: 前回までの累計％ | H4: 前回までの金額 | I4: 今回までの累計％ | J4: 今回までの金額 | K4: 今回の請求額 | L4: 残り
A5: 1 | B5: 軽量鉄骨下地 | C5: 1 | D5: 式 | E5: 1000000 | F5: =IF(N(C5)*N(E5)=0,"",C5*E5) -> 1000000 | G5: 0.6 | H5: =IF(F5="","",ROUNDDOWN(F5*N(G5),0)) -> 600000 | I5: 1 | J5: =IF(F5="","",ROUNDDOWN(F5*N(I5),0)) -> 1000000 | K5: =IF(F5="","",J5-H5) -> 400000 | L5: =IF(F5="","",F5-J5) -> 0
A6: 2 | B6: ボード張り | C6: 1 | D6: 式 | E6: 1200000 | F6: =IF(N(C6)*N(E6)=0,"",C6*E6) -> 1200000 | G6: 0.2 | H6: =IF(F6="","",ROUNDDOWN(F6*N(G6),0)) -> 240000 | I6: 0.7 | J6: =IF(F6="","",ROUNDDOWN(F6*N(I6),0)) -> 840000 | K6: =IF(F6="","",J6-H6) -> 600000 | L6: =IF(F6="","",F6-J6) -> 360000
A7: 3 | B7: 仕上げ | C7: 1 | D7: 式 | E7: 800000 | F7: =IF(N(C7)*N(E7)=0,"",C7*E7) -> 800000 | G7: 0 | H7: =IF(F7="","",ROUNDDOWN(F7*N(G7),0)) -> 0 | I7: 0.1 | J7: =IF(F7="","",ROUNDDOWN(F7*N(I7),0)) -> 80000 | K7: =IF(F7="","",J7-H7) -> 80000 | L7: =IF(F7="","",F7-J7) -> 720000
A8: 4 | F8: =IF(N(C8)*N(E8)=0,"",C8*E8) | H8: =IF(F8="","",ROUNDDOWN(F8*N(G8),0)) | J8: =IF(F8="","",ROUNDDOWN(F8*N(I8),0)) | K8: =IF(F8="","",J8-H8) | L8: =IF(F8="","",F8-J8)
A9: 5 | F9: =IF(N(C9)*N(E9)=0,"",C9*E9) | H9: =IF(F9="","",ROUNDDOWN(F9*N(G9),0)) | J9: =IF(F9="","",ROUNDDOWN(F9*N(I9),0)) | K9: =IF(F9="","",J9-H9) | L9: =IF(F9="","",F9-J9)
A10: 6 | F10: =IF(N(C10)*N(E10)=0,"",C10*E10) | H10: =IF(F10="","",ROUNDDOWN(F10*N(G10),0)) | J10: =IF(F10="","",ROUNDDOWN(F10*N(I10),0)) | K10: =IF(F10="","",J10-H10) | L10: =IF(F10="","",F10-J10)
A11: 7 | F11: =IF(N(C11)*N(E11)=0,"",C11*E11) | H11: =IF(F11="","",ROUNDDOWN(F11*N(G11),0)) | J11: =IF(F11="","",ROUNDDOWN(F11*N(I11),0)) | K11: =IF(F11="","",J11-H11) | L11: =IF(F11="","",F11-J11)
A12: 8 | F12: =IF(N(C12)*N(E12)=0,"",C12*E12) | H12: =IF(F12="","",ROUNDDOWN(F12*N(G12),0)) | J12: =IF(F12="","",ROUNDDOWN(F12*N(I12),0)) | K12: =IF(F12="","",J12-H12) | L12: =IF(F12="","",F12-J12)
A13: 9 | F13: =IF(N(C13)*N(E13)=0,"",C13*E13) | H13: =IF(F13="","",ROUNDDOWN(F13*N(G13),0)) | J13: =IF(F13="","",ROUNDDOWN(F13*N(I13),0)) | K13: =IF(F13="","",J13-H13) | L13: =IF(F13="","",F13-J13)
A14: 10 | F14: =IF(N(C14)*N(E14)=0,"",C14*E14) | H14: =IF(F14="","",ROUNDDOWN(F14*N(G14),0)) | J14: =IF(F14="","",ROUNDDOWN(F14*N(I14),0)) | K14: =IF(F14="","",J14-H14) | L14: =IF(F14="","",F14-J14)
A15: 合計 | F15: =SUM(F5:F14) -> 3000000 | H15: =SUM(H5:H14) -> 840000 | J15: =SUM(J5:J14) -> 1920000 | K15: =SUM(K5:K14) -> 1080000 | L15: =SUM(L5:L14) -> 1080000
A17: 追加変更工事
A18: No | B18: 工種・項目 | C18: 数量 | D18: 単位 | E18: 単価 | F18: 契約金額 | G18: 前回までの累計％ | H18: 前回までの金額 | I18: 今回までの累計％ | J18: 今回までの金額 | K18: 今回の請求額 | L18: 残り
A19: 1 | B19: 追加工事 | C19: 1 | D19: 式 | E19: 200000 | F19: =IF(N(C19)*N(E19)=0,"",C19*E19) -> 200000 | G19: 0 | H19: =IF(F19="","",ROUNDDOWN(F19*N(G19),0)) -> 0 | I19: 0.5 | J19: =IF(F19="","",ROUNDDOWN(F19*N(I19),0)) -> 100000 | K19: =IF(F19="","",J19-H19) -> 100000 | L19: =IF(F19="","",F19-J19) -> 100000
A20: 2 | F20: =IF(N(C20)*N(E20)=0,"",C20*E20) | H20: =IF(F20="","",ROUNDDOWN(F20*N(G20),0)) | J20: =IF(F20="","",ROUNDDOWN(F20*N(I20),0)) | K20: =IF(F20="","",J20-H20) | L20: =IF(F20="","",F20-J20)
A21: 3 | F21: =IF(N(C21)*N(E21)=0,"",C21*E21) | H21: =IF(F21="","",ROUNDDOWN(F21*N(G21),0)) | J21: =IF(F21="","",ROUNDDOWN(F21*N(I21),0)) | K21: =IF(F21="","",J21-H21) | L21: =IF(F21="","",F21-J21)
A22: 4 | F22: =IF(N(C22)*N(E22)=0,"",C22*E22) | H22: =IF(F22="","",ROUNDDOWN(F22*N(G22),0)) | J22: =IF(F22="","",ROUNDDOWN(F22*N(I22),0)) | K22: =IF(F22="","",J22-H22) | L22: =IF(F22="","",F22-J22)
A23: 5 | F23: =IF(N(C23)*N(E23)=0,"",C23*E23) | H23: =IF(F23="","",ROUNDDOWN(F23*N(G23),0)) | J23: =IF(F23="","",ROUNDDOWN(F23*N(I23),0)) | K23: =IF(F23="","",J23-H23) | L23: =IF(F23="","",F23-J23)
A24: 合計 | F24: =SUM(F19:F23) -> 200000 | H24: =SUM(H19:H23) -> 0 | J24: =SUM(J19:J23) -> 100000 | K24: =SUM(K19:K23) -> 100000 | L24: =SUM(L19:L23) -> 100000
A26: 元の契約と追加変更工事の合計 | F26: =F15+F24 -> 3200000 | H26: =H15+H24 -> 840000 | J26: =J15+J24 -> 2020000 | K26: =K15+K24 -> 1180000 | L26: =L15+L24 -> 1180000
A28: 今回の請求額（元の契約） | F28: =K15 -> 1080000 | G28: 消費税（10％） | I28: =ROUNDDOWN(F28*0.1,0) -> 108000 | J28: 税込 | K28: =F28+I28 -> 1188000
A29: 今回の請求額（追加を含む合計） | F29: =K26 -> 1180000 | G29: 消費税（10％） | I29: =ROUNDDOWN(F29*0.1,0) -> 118000 | J29: 税込 | K29: =F29+I29 -> 1298000
